 Dungeon Crawl Stone Soup version 0.28-a0-1143-gcf6077d4cc (webtiles) character file.

Game seed: 11375078292808320825

7934 hellse the Grappler (level 11, -7/60 HPs)
             Began as a Vine Stalker Fighter on Dec 14, 2021.
             Was an Elder of Okawaru.
             Shot with a bolt by an orc warrior (12 damage)
             ... in a bailey.
             The game lasted 00:14:52 (10153 turns).

hellse the Grappler (Vine Stalker Fighter)         Turns: 10153, Time: 00:14:52

Health: -7/60      AC: 13    Str: 23    XL:     11   Next: 23%
Magic:  0/15       EV: 15    Int:  8    God:    Okawaru [****..]
Gold:   528        SH: 11    Dex: 14    Spells: 10/10 levels left

rFire   . . .      SeeInvis .     - Unarmed
rCold   + . .      Faith    .   b - +0 buckler
rNeg    . . .      Spirit   +   r - +2 ring mail {Will+}
rPois   .          Reflect  +   (no helmet)
rElec   .          Harm     .   (no cloak)
rCorr   .          Rampage  .   I - +2 pair of gloves
Will    ++...                   h - +0 pair of boots
Stlth   ++........              O - amulet of reflection
HPRegen 1.00/turn               i - ring of flight
MPRegen 0.14/turn               M - ring of protection from cold

@: heroic, flying
A: fangs 3, regeneration 1, magic shield, antimagic bite, no potion heal 2
a: Renounce Religion, Heroism, Finesse


You were in a bailey.
You worshipped Okawaru.
Okawaru was greatly pleased with you.
You visited 2 branches of the dungeon, and saw 11 of its levels.
You also visited: Sewer and Bailey.

You collected 617 gold pieces.
You spent 89 gold pieces at shops.

Inventory:

Missiles
 s - a curare-tipped dart
 t - 40 poisoned darts (quivered)
 H - a throwing net
Armour
 a - a +0 scale mail
 b - a +0 buckler (worn)
 h - a +0 pair of boots (worn)
 r - a +2 ring mail of willpower (worn)
 y - a +0 pair of gloves
 F - a +2 leather armour of poison resistance
 I - a +2 pair of gloves (worn)
 J - a +0 tower shield
 Q - a +1 robe of fire resistance
Jewellery
 i - a ring of flight (left hand)
 D - a ring of see invisible
 M - a ring of protection from cold (right hand)
 O - an amulet of reflection (around neck)
Wands
 u - a wand of digging (5)
 K - a wand of flame (22)
 L - a wand of iceblast (18)
 N - a wand of paralysis (3)
Scrolls
 d - a scroll of silence
 f - 2 scrolls of fog
 g - 4 scrolls of vulnerability
 o - a scroll of noise {unknown}
 q - 2 scrolls of brand weapon {unknown}
 v - 5 scrolls of teleportation {unknown}
 z - a scroll of enchant weapon
 A - a scroll of blinking
 C - a scroll of enchant armour
 E - 2 scrolls of fear
 G - a scroll of holy word {unknown}
 R - a scroll of amnesia {unknown}
 S - a scroll of acquirement {unknown}
Potions
 c - 6 potions of might
 e - 2 potions of curing
 j - 5 potions of heal wounds
 k - 2 potions of resistance
 l - 5 potions of lignification {unknown}
 m - 5 potions of haste {unknown}
 n - 2 potions of magic
 p - 5 potions of invisibility {unknown}
 w - 4 potions of mutation {unknown}
 x - 2 potions of cancellation {unknown}
 B - a potion of flight {unknown}
 P - a potion of brilliance {unknown}


   Skills:
 + Level 8.9(13.9) Fighting
 - Level 4.0(9.0) Armour
 - Level 5.1(10.1) Dodging
 - Level 3.1(8.1) Shields
 - Level 11.4(16.4) Unarmed Combat
 - Level 4.6 Invocations


You had 10 spell levels left.
You didn't know any spells.
Your spell library contained the following spells:

 Spells                   Type           Power      Damage    Failure   Level
 Passwall                 Tmut/Erth      0%         N/A       67%         2
 Swiftness                Air            0%         N/A       88%         3
 Summon Small Mammal      Summ           Unusable   N/A       N/A         1
 Call Canine Familiar     Summ           Unusable   N/A       N/A         3
 Summon Guardian Golem    Hex/Summ       Unusable   N/A       N/A         3

Dungeon Overview and Level Annotations

Branches:
Dungeon (10/15)            Temple (1/1) D:7            Lair (0/6) D:9
  Sewer (visited)          Bailey (1/1)
    Orc: D:9-12

Altars:
Ashenzari
Cheibriados
Dithmenos
Elyvilon
Fedhas
Gozag
Hepliaklqana
Kikubaaqudgha
Makhleb
Nemelex Xobeh
Okawaru
Qazlal
Ru
Sif Muna
Trog
Uskayaw
Vehumet
Wu Jian
Xom
Yredelemnul
Zin
The Shining One

Shops:
D:2 !   D:4 *

Annotations:
D:6 2 transporters, Redcow54321's ghost, weakling GnDe


Innate Abilities, Weirdness & Mutations

You have razor-sharp teeth.
Your natural rate of healing is unusually fast.
When hurt, damage is shared between your health and your magic reserves.
Your bite disrupts and absorbs the magic of your enemies.
Potions cannot restore your health.


Message History

The bolt closely misses the orc warrior.
The bolt hits the orc!
You kill the orc!
Okawaru accepts your kill. The orc warrior misses you.
You completely miss the orc warrior. You bite the orc warrior!
You drain its power.
You feel invigorated.
The orc warrior is severely wounded.
The orc warrior shoots a bolt.
The bolt barely misses you. The orc warrior closely misses you.
You barely miss the orc warrior.
You bite the orc warrior, but do no damage.
The orc warrior is severely wounded.
The orc warrior shoots a bolt.
The bolt hits you! You block the orc warrior's attack.
You barely miss the orc warrior. Your bite misses the orc warrior.
The orc warrior is severely wounded.
The orc warrior shoots a bolt.
The bolt hits you!!
* * * LOW HITPOINT WARNING * * *
You hit the orc warrior but do no damage.
You bite the orc warrior, but do no damage.
The orc warrior is severely wounded.
The orc warrior hits you with a +0 halberd!
* * * LOW HITPOINT WARNING * * *
The orc warrior closely misses you.
There is a gate leading back out of this place, spattered with blood here.
Throw: 41 darts (poison)
Press: ? - help, Shift-Dir - straight line, f - orc warrior
Aim: an orc warrior, wielding a +0 halberd and wearing a +0 chain mail (severely wounded, 60% to hit)
You throw a poisoned dart. The poisoned dart hits the orc warrior.
The orc warrior is poisoned.
The orc warrior is severely wounded.
The orc warrior hits you from afar with a +0 halberd!
* * * LOW HITPOINT WARNING * * *
Okay, then.
You gain the combat prowess of a mighty hero.
The orc warrior hits you from afar with a +0 halberd.
* * * LOW HITPOINT WARNING * * *
The orc warrior shoots a bolt.
The bolt hits you!
You die...

## ##### ##∩##
####
.....##...##....
.≈≈≈..#...#..≈≈≈
≈≈o≈≈.......≈≈o≈
≈.oo≈.....).≈oo
≈≈o≈≈.......≈≈o
#o..# #@∩.#
##∩## ###


You could see 2 orc warriors and 2 orcs.

Vanquished Creatures
  A two-headed ogre (D:9)
  Pikel (D:4)
  An unseen horror (D:10)
  Grinder (D:4)
  A hornet (D:6)
  2 wraiths (D:10)
  3 yaks (D:9)
  A vampire (D:9)
  Menkaure (D:5)
  Eustachio (D:4)
  2 wargs (D:9)
  2 water moccasins
  An ice beast (D:6)
  8 orc warriors
  A sky beast (D:8)
  An ogre (D:5)
  2 black bears
  2 necrophages
  4 centaurs
  A lemure (D:4)
  A phantom (D:6)
  2 kobold brigands (Sewer)
  2 water moccasin zombies
  3 scorpions
  2 wyvern zombies (D:8)
  21 killer bees
  A water moccasin skeleton (D:6)
  4 bullfrog zombies
  2 centaur zombies
  4 jellies
  A gnoll shaman (D:7)
  6 orc priests
  2 hounds (D:5)
  A bullfrog skeleton (D:6)
  A scorpion zombie (D:5)
  8 orc wizards
  8 gnolls (D:7)
  6 adders
  5 river rats (Sewer)
  A shadow imp (D:8)
  A white imp (D:6)
  An adder skeleton (D:2)
  4 worms
  28 orcs
  13 ball pythons
  7 endoplasms
  2 giant cockroaches
  7 hobgoblins
  2 jackals (D:1)
  5 quokkas
  4 bats
  5 frilled lizards
  7 goblins
  21 kobolds
  25 rats
250 creatures vanquished.

Vanquished Creatures (others)
  A plant (D:8)
1 creature vanquished.

Grand Total: 251 creatures vanquished

Notes
Turn   | Place    | Note
-------+----------+-------------------------------------------
     0 | D:1      | hellse the Vine Stalker Fighter began the quest for the
                  | Orb.
     0 | D:1      | Reached XP level 1. HP: 11/11 MP: 2/2
    42 | D:1      | Found a faded altar of an unknown god.
    93 | D:1      | Reached XP level 2. HP: 5/16 MP: 3/3
   477 | D:1      | Reached skill level 3 in Unarmed Combat
   962 | D:1      | Reached XP level 3. HP: 11/19 MP: 4/4
  1678 | D:2      | Found Gawev's Distillery.
  1691 | D:2      | Reached skill level 4 in Unarmed Combat
  2019 | D:3      | Gained mutation: Your natural rate of healing is unusually
                  | fast. [Vine Stalker growth]
  2019 | D:3      | Reached XP level 4. HP: 16/23 MP: 2/5
  2063 | D:4      | Found a shimmering blue altar of Sif Muna.
  2099 | D:4      | Found a glowing drain.
  2152 | D:4      | Noticed Grinder
  2166 | Sewer    | Entered a sewer
  2212 | Sewer    | Noticed a kobold brigand
  2235 | Sewer    | Killed a kobold brigand
  2236 | Sewer    | Reached skill level 5 in Unarmed Combat
  2236 | Sewer    | Reached XP level 5. HP: 14/27 MP: 6/6
  2545 | Sewer    | Reached skill level 6 in Unarmed Combat
  2552 | Sewer    | Reached XP level 6. HP: 32/32 MP: 7/7
  3123 | D:4      | Killed Grinder
  3124 | D:4      | Reached XP level 7. HP: 33/38 MP: 6/8
  3209 | D:4      | Found Makid's General Store.
  3250 | D:4      | Reached skill level 7 in Unarmed Combat
  3281 | D:4      | Noticed Pikel
  3305 | D:4      | Killed Pikel
  3306 | D:4      | Reached skill level 8 in Unarmed Combat
  3306 | D:4      | Gained mutation: You have razor-sharp teeth. [Vine Stalker
                  | growth]
  3306 | D:4      | Reached XP level 8. HP: 11/42 MP: 1/9
  3627 | D:4      | Noticed Eustachio
  3638 | D:4      | Killed Eustachio
  3639 | D:4      | Reached skill level 9 in Unarmed Combat
  3770 | D:5      | Entered Level 5 of the Dungeon
  3889 | D:5      | Noticed Menkaure
  3907 | D:5      | Killed Menkaure
  3908 | D:5      | Reached skill level 10 in Unarmed Combat
  4091 | D:5      | Reached skill level 5 in Fighting
  4098 | D:5      | Reached XP level 9. HP: 43/47 MP: 8/10
  4213 | D:5      | Found a burning altar of Makhleb.
  4462 | D:5      | Found an opulent altar of Gozag.
  4570 | D:5      | Found a blossoming altar of Fedhas.
  4961 | D:6      | Found a transporter.
  4967 | D:6      | Noticed a hornet
  5045 | D:6      | Paralysed by a hornet for 2 turns
  5047 | D:6      | Killed a hornet
  5318 | D:6      | Found a transporter.
  5320 | D:6      | Noticed Redcow54321's ghost (weakling GnDe)
  5321 | D:6      | Identified the +2 great mace of Hell's Wrath {vorpal,
                  | rPois}
  5424 | D:6      | Reached skill level 1 in Dodging
  5970 | D:7      | Found a radiant altar of Vehumet.
  5987 | D:7      | Found a staircase to the Ecumenical Temple.
  5996 | Temple   | Entered the Ecumenical Temple
  6121 | Temple   | Became a worshipper of Warmaster Okawaru
  6411 | D:3      | You are sucked into a shaft and drop 1 floor!
  6464 | D:3      | Found an ancient bone altar of Kikubaaqudgha.
  6745 | D:4      | Bought a scroll of identify for 28 gold pieces
  6745 | D:4      | Bought a scroll of identify for 28 gold pieces
  6795 | D:2      | Bought a potion of curing for 33 gold pieces
  7506 | D:8      | Found an ornate altar of the Wu Jian Council.
  7522 | D:8      | Reached XP level 10. HP: 55/55 MP: 11/11
  7538 | D:8      | Found the +5 scythe "Finisher" {speed, eviscerate}
  7724 | D:8      | Found a shadowy altar of Dithmenos.
  7724 | D:8      | Found a broken altar of Ashenzari.
  7730 | D:8      | Found a white marble altar of Elyvilon.
  7735 | D:8      | Reached skill level 11 in Unarmed Combat
  7736 | D:8      | Found a basalt altar of Yredelemnul.
  7738 | D:8      | Found a snail-covered altar of Cheibriados.
  7743 | D:8      | Found a sparkling altar of Nemelex Xobeh.
  7995 | D:8      | Reached * piety under Okawaru
  8083 | D:8      | Reached skill level 1 in Invocations
  8663 | D:9      | Reached ** piety under Okawaru
  8744 | D:9      | Found a staircase to the Lair.
  8932 | D:9      | Noticed a two-headed ogre
  8949 | D:9      | Killed a two-headed ogre
  9095 | D:9      | Reached *** piety under Okawaru
  9962 | D:10     | Entered Level 10 of the Dungeon
  9976 | D:10     | Reached XP level 11. HP: 60/60 MP: 15/15
  9998 | D:10     | Reached skill level 5 in Dodging
 10097 | D:10     | Reached **** piety under Okawaru
 10121 | D:10     | Found a flagged portal.
 10132 | Bailey   | Entered a bailey
 10153 | Bailey   | Shot with a bolt by an orc warrior

Illustrated notes

Levels and vault maps discovered:
D:1:      dpeg_arrival_rhombus, layout_basic, ebering_ecumenical_altar_rust
D:2:      layout_rooms, serial_shops, nicolae_shop_trees
D:3:      layout_rooms, mainiacjoe_overflow_surrounded_room
D:4:      layout_rooms, mainiacjoe_overflow_catwalk,
          cheibrodos_sewer_entry_drain, serial_shops, kennysheep_little_box,
          uniq_eustachio, uniq_grinder, uniq_pikel
D:5:      minmay_recursive_quarters, layout_basic,
          mainiacjoe_overflow_six_doors_small, lemuel_doored_altar,
          mainiacjoe_overflow_concentric_impassable, uniq_menkaure
D:6:      layout_loops_ring, gammafunk_ghost_smash, minivault_22
D:7:      layout_loops_ring, amcnicky_altar_gilded,
          minmay_temple_entry_poolview, minmay_statues_item
D:8:      layout_basic, mainiacjoe_overflow_chevrons,
          nicolae_overflow_hallway_of_the_gods, serial_glass, glass_columns_c,
          glass_columns_a, glass_columns_a, glass_columns_a
D:9:      layout_basic, erik_lair_orcish_takeover, lemuel_flame_loot_1
D:10:     layout_cave_pools, enter_bailey_3
Temple:   nicolae_temple_figure_zero
Bailey:   bailey_polearm_4, bailey

Skill      XL: |  1  2  3  4  5  6  7  8  9 10 11 |
---------------+----------------------------------+-----
Unarmed Combat | 3 4 5 6 8 10 11 | 11.4
Fighting       | 4 5 7 8 |  8.9
Dodging        | 1 4 5 |  5.1
Shields        | 3 |  3.1
Armour         | 4 |  4.0
Invocations    | 4 |  4.6

Action                   |  1- 3 |  4- 6 |  7- 9 | 10-12 || total
-------------------------+-------+-------+-------+-------++-------
Melee: Unarmed           |   144 |   168 |   240 |   317 ||   869
       Bite              |    24 |    46 |    78 |   108 ||   256
Throw: Dart              |       |       |     4 |     6 ||    10
Invok: Heroism           |       |       |       |     1 ||     1
  Use: Scroll            |       |     3 |     8 |     1 ||    12
       Potion            |       |     1 |     1 |     1 ||     3
Armor: Scale mail        |    73 |    52 |       |       ||   125
       Ring mail         |       |       |    74 |    82 ||   156
Dodge: Dodged            |    54 |    76 |    86 |   136 ||   352
Block: Buckler           |    33 |    25 |    47 |   102 ||   207
       Reflection        |       |       |       |    10 ||    10

Table legend: (Time is in decaauts)
 A = Elapsed time spent in this place.
 B = Non-inter-level travel time spent in this place.
 C = Inter-level travel time spent in this place.
 D = Time resting spent in this place.
 E = Time spent auto-exploring this place.
 F = Levels seen in this place.
 G = Mean time per level.
                   A        B        C        D        E       F      G
               +--------+--------+--------+--------+--------+-----+--------+
         Total |  10052 |   9324 |    728 |   1510 |   5923 |  13 |  773.2 |
       Dungeon |   8961 |   8255 |    706 |   1276 |   5452 |  10 |  896.1 |
        Temple |    137 |    115 |     22 |      0 |    113 |   1 |  137.0 |
         Sewer |    933 |    933 |      0 |    234 |    358 |   1 |  933.0 |
        Bailey |     19 |     19 |      0 |      0 |      0 |   1 |   19.0 |
               +--------+--------+--------+--------+--------+-----+--------+

Top non-repeatable levels by time:
     D:9: 1620 daAuts
     D:1: 1317 daAuts
     D:6: 1158 daAuts
     D:5: 953 daAuts
   Sewer: 933 daAuts
     D:4: 852 daAuts
     D:7: 825 daAuts
     D:8: 792 daAuts
     D:2: 740 daAuts
     D:3: 545 daAuts
    D:10: 154 daAuts
  Temple: 137 daAuts
  Bailey: 19 daAuts
